 Dungeon Crawl Stone Soup version 0.29-a0-504-gec6baf379c (webtiles) character file.

Game seed: 7406693837904379633

29402 Bruhh the Basher (level 13, -4/86 HPs)
             Began as a Gargoyle Fighter on May 28, 2022.
             Was an Initiate of Gozag.
             Slain by a death yak simulacrum (34 damage)
             ... on level 5 of the Lair of Beasts.
             The game lasted 00:26:52 (21958 turns).

Bruhh the Basher (Gargoyle Fighter)                Turns: 21958, Time: 00:26:52

Health: -4/86      AC: 24    Str: 34    XL:     13   Next: 45%
Magic:  13/13      EV:  9    Int:  9    God:    Gozag
Gold:   3352       SH: 12    Dex:  9    Spells: 12/12 levels left

rFire   . . .      SeeInvis .   E - +0 morningstar (venom)
rCold   . . .      Faith    .   e - +2 kite shield {AC+3}
rNeg    + . .      Spirit   .   z - +3 ring mail of Painted Satisfaction {+Blink Str+3}
rPois   ∞          Reflect  .   (no helmet)
rElec   +          Harm     .   W - scarf {shadows}
rCorr   .          Rampage  .   o - +0 pair of gloves
Will    .....                   (no boots)
Stlth   ..........              L - amulet of regeneration
HPRegen 1.04/turn               O - +6 ring of strength
MPRegen 0.13/turn               (no ring)

@: no status effects
A: sickness immunity, AC +9, negative energy resistance 1, electricity
resistance, torment resistance 1, petrification resistance, MP-powered wands
a: Renounce Religion, Evoke Blink, Potion Petition, Call Merchant, Bribe Branch


You were on level 5 of the Lair of Beasts.
You worshipped Gozag.
Gozag was most pleased with you.
You visited 2 branches of the dungeon, and saw 14 of its levels.
You also visited: Sewer.

You collected 3378 gold pieces.
You paid 26 gold pieces to Gozag.

Inventory:

Hand Weapons
 a - a +0 flail
 k - a +1 trident of venom
 E - a +0 morningstar of venom (weapon)
 P - a +3 flail
Missiles
 f - 21 poisoned darts (quivered)
 N - 8 throwing nets
Armour
 b - a +0 scale mail
 c - a +0 buckler
 e - a +2 kite shield of protection (worn)
 o - a +0 pair of gloves (worn)
 z - the +3 ring mail of Painted Satisfaction (worn) {+Blink Str+3}
   (You found it on level 4 of the Dungeon)

   Str:       It affects your strength (+3).
   +Blink:    It lets you blink.
 D - a +0 cloak
 I - a +1 cloak
 V - a +0 plate armour
 W - a scarf of shadows (worn)
Jewellery
 q - an amulet of guardian spirit
 L - an amulet of regeneration (around neck)
 O - a +6 ring of strength (left hand)
 Q - a +6 ring of dexterity
 T - a ring of wizardry
 Y - a ring of magical power
Wands
 d - a wand of digging (6)
 x - a wand of acid (1)
 A - a wand of charming (14)
 R - a wand of iceblast (16)
Scrolls
 m - 5 scrolls of vulnerability
 r - 2 scrolls of teleportation
 s - 6 scrolls of immolation
 y - 2 scrolls of poison
 C - 2 scrolls of torment
 F - 2 scrolls of noise
 H - 2 scrolls of enchant armour
 J - 5 scrolls of fear
 K - a scroll of fog
 S - 4 scrolls of blinking
 U - a scroll of silence
 X - 2 scrolls of amnesia
 Z - 2 scrolls of identify
Potions
 g - a potion of cancellation {unknown}
 h - 8 potions of curing
 i - 2 potions of haste {unknown}
 j - 5 potions of degeneration {unknown}
 l - a potion of berserk rage
 n - 3 potions of flight {unknown}
 p - 2 potions of lignification
 t - 3 potions of magic {unknown}
 u - a potion of mutation
 v - 2 potions of brilliance
 B - 3 potions of resistance {unknown}
 G - 7 potions of heal wounds {unknown}
 M - 3 potions of attraction {unknown}
Miscellaneous
 w - a phial of floods


   Skills:
 - Level 12.0 Fighting
 + Level 12.3 Maces & Flails
 - Level 10.0 Armour
 + Level 9.9 Shields
 - Level 10.0 Evocations


You had 12 spell levels left.
You didn't know any spells.
Your spell library contained the following spells:

 Spells                   Type           Power      Damage    Failure   Level
 Foxfire                  Conj/Fire      0%         2x1d4     75%         1
 Shock                    Conj/Air       0%         1d3       75%         1
 Sting                    Tmut/Pois      0%         1d3       75%         1
 Summon Small Mammal      Summ           0%         N/A       75%         1
 Blink                    Tloc           0%         N/A       87%         2
 Ensorcelled Hibernation  Hex/Ice        0%         N/A       87%         2
 Poisonous Vapours        Pois/Air       0%         N/A       87%         2
 Call Canine Familiar     Summ           0%         N/A       98%         3
 Conjure Flame            Conj/Fire      0%         6-21      98%         3
 Inner Flame              Hex/Fire       0%         N/A       98%         3
 Lesser Beckoning         Tloc           0%         N/A       98%         3
 Spider Form              Tmut/Pois      0%         N/A       98%         3
 Summon Guardian Golem    Hex/Summ       0%         N/A       98%         3
 Swiftness                Air            0%         N/A       98%         3
 Airstrike                Air            0%         N/A       100%        4
 Anguish                  Hex/Necr       0%         N/A       100%        4
 Flame Wave               Conj/Fire      0%         2d4       100%        4
 Olgreb's Toxic Radiance  Pois           0%         N/A       100%        4
 Borgnjor's Vile Clutch   Necr/Erth      0%         N/A       100%        5
 Manifold Assault         Tloc           0%         N/A       100%        5
 Summon Forest            Summ/Tloc      0%         N/A       100%        5
 Death Channel            Necr           0%         N/A       100%        6
 Eringya's Noxious Bog    Tmut/Pois      0%         N/A       100%        6
 Iron Shot                Conj/Erth      0%         9d1       100%        6
 Enfeeble                 Hex            0%         N/A       100%        7
 Summon Hydra             Summ           0%         N/A       100%        7
 Shatter                  Erth           0%         3d5*      100%        9
 Animate Dead             Necr           Unusable   N/A       N/A         4

Dungeon Overview and Level Annotations

Branches:
Dungeon (9/15)             Temple (0/1) D:7            Lair (5/6) D:8
 Shoals (0/4) Lair:2       Spider (0/4) Lair:2        Slime (0/5) Lair:5
  Sewer (visited)
    Orc: D:9-12

Altars:
Cheibriados
Elyvilon
Gozag
Hepliaklqana
Makhleb
Sif Muna
Vehumet
Xom
Jiyva
Lugonu

Shops:
D:5 :

Portals:
Abyss: Lair:4

Annotations:
D:7 2 transporters, Dwachs's ghost, novice MiFi
D:9 Erolcha


Innate Abilities, Weirdness & Mutations

You are immune to sickness and miasma.
Your stone body is resilient. (AC +9)
You are immune to poison.
You resist negative energy. (rN+)
You are resistant to electric shocks. (rElec)
You are resistant to unholy torment.
You are immune to petrification.
You expend magic power (3 MP) to strengthen your wands.


Message History

The polar bear simulacrum is almost destroyed.
You impale the polar bear simulacrum!!
The polar bear simulacrum vaporises!
You hit the death yak simulacrum but do no damage.
The death yak simulacrum gores you! The death yak simulacrum freezes you!!
You hit the death yak simulacrum.
The death yak simulacrum is lightly damaged.
You block the death yak simulacrum's attack. x2
You hit the death yak simulacrum but do no damage.
The death yak simulacrum is lightly damaged.
The death yak simulacrum gores you but does no damage.
The death yak simulacrum closely misses you.
You hit the death yak simulacrum but do no damage.
The death yak simulacrum is lightly damaged.
The death yak simulacrum gores you. The death yak simulacrum freezes you!!
You are too injured to fight recklessly!
You are too injured to fight recklessly!
Okay, then.
There is a stone staircase leading up here.
You climb upwards.
There is a stone staircase leading down here.
You start resting.
HP restored.
You start waiting.
Done waiting.
You climb downwards.
The death yak simulacrum gores you but does no damage.
You block the death yak simulacrum's attack.
The death yak simulacrum completely misses you.
There is a stone staircase leading up here.
You hit the death yak simulacrum but do no damage.
The death yak simulacrum is lightly damaged.
The death yak simulacrum gores you but does no damage.
The death yak simulacrum gores you. The death yak simulacrum freezes you!!
You hit the death yak simulacrum.
The death yak simulacrum is lightly damaged.
The death yak simulacrum gores you. The death yak simulacrum freezes you!
The death yak simulacrum gores you. The death yak simulacrum freezes you!!
You die...
Your body crumbles into a pile of gold.

#....P#P..###............
##........P##..PP..#.....
#....P.....###.....PP...#
##....##...###..#........
##.........##............
#P....#.....#..P#.......#
#.....#.....#...#........
##......ZZ..#..#.###.#...
#....###@#####.#...###...
#....###..###...$........
#.......P........$.......
#........................
#P.......................
#....#.....##............
##..#...#####............
#..####.# #............
##. #+P #.....#....


You could see 2 death yak simulacra.

Vanquished Creatures
  Harold (D:9)
  A boulder beetle (Lair:5)
  A two-headed ogre (D:8)
  A necromancer (Lair:3)
  4 elephants
  A manticore (Lair:2)
  5 black mambas
  2 torpor snails
  4 cane toads
  Psyche (D:9)
  12 komodo dragons
  A troll (D:8)
  A wind drake (Lair:2)
  3 polar bears
  Prince Ribbit (D:7)
  2 hornets
  27 blink frogs
  Grinder (D:3)
  4 dream sheep (Lair:4)
  A vampire (D:8)
  Sigmund (D:6)
  3 wyverns
  4 basilisks
  31 yaks
  An acid dragon (D:8)
  12 water moccasins
  4 orc warriors
  Pargi (Sewer)
  A black bear (D:5)
  10 wolves
  2 ogres
  3 phantoms
  7 bullfrogs
  2 necrophages
  3 gnoll sergeants (D:6)
  A scorpion (D:4)
  A cane toad simulacrum (Lair:5)
  5 wights (D:8)
  A killer bee (D:9)
  A howler monkey (D:6)
  An orc priest (D:2)
  3 jellies (D:6)
  6 hounds
  2 gnoll shamans
  7 iguanas
  Terence (D:2)
  8 orc wizards
  A hell rat (Lair:3)
  2 polar bear simulacra
  6 wolf simulacra (Lair:3)
  11 gnolls
  3 adders
  2 white imps (D:7)
  2 ufetubi (D:5)
  5 worms
  3 dart slugs
  38 orcs
  8 bats
  4 endoplasms
  2 giant cockroaches
  7 goblins
  7 hobgoblins
  2 jackals (D:6)
  9 ball pythons
  A frilled lizard (D:2)
  9 kobolds
  4 rats
  4 river rat simulacra (Lair:3)
326 creatures vanquished.

Vanquished Creatures (others)
  An orc priest (D:9)
  27 fungi
  2 lurking horrors (Lair:4)
  63 plants
93 creatures vanquished.

Grand Total: 419 creatures vanquished

Notes
Turn   | Place    | Note
-------+----------+-------------------------------------------
     0 | D:1      | Bruhh the Gargoyle Fighter began the quest for the Orb.
     0 | D:1      | Reached XP level 1. HP: 14/14 MP: 1/1
   651 | D:1      | Found a faded altar of an unknown god.
   699 | D:1      | Reached XP level 2. HP: 19/19 MP: 2/2
  1179 | D:2      | Noticed Terence
  1187 | D:2      | Killed Terence
  1188 | D:2      | Reached XP level 3. HP: 20/24 MP: 3/3
  1320 | D:2      | Gained mutation: Your mind is acute. (Int +2) [potion of
                  | mutation]
  1320 | D:2      | Lost mutation: Your mind is acute. (Int +2) [potion of
                  | mutation]
  1320 | D:2      | Gained mutation: You expend magic power (3 MP) to
                  | strengthen your wands. [potion of mutation]
  2064 | D:1      | Reached XP level 4. HP: 18/30 MP: 4/4
  2671 | D:2      | Reached XP level 5. HP: 34/34 MP: 5/5
  2851 | D:2      | Found an opulent altar of Gozag.
  2950 | D:2      | Became a worshipper of Gozag Ym Sagoz the Greedy
  3067 | D:3      | Reached skill level 5 in Fighting
  3346 | D:3      | Noticed Grinder
  3356 | D:3      | Killed Grinder
  3357 | D:3      | Reached skill level 5 in Maces & Flails
  3357 | D:3      | Reached XP level 6. HP: 18/41 MP: 2/6
  3942 | D:4      | Identified a scroll of acquirement
  3967 | D:4      | Reached XP level 7. HP: 29/47 MP: 5/7
  3972 | D:4      | Acquired a +2 kite shield of protection
  4125 | D:4      | Found a glowing drain.
  4147 | Sewer    | Entered a sewer
  4196 | Sewer    | Noticed Pargi
  4215 | Sewer    | Killed Pargi
  4539 | D:4      | Identified the +3 ring mail of Painted Satisfaction {+Blink
                  | Str+3}
  4732 | D:4      | Found a hazy altar of Hepliaklqana.
  4733 | D:4      | Found a shimmering altar of Xom.
  4734 | D:4      | Noticed a spectral ugly thing
  4996 | D:4      | Found a radiant altar of Vehumet.
  5127 | D:4      | Reached XP level 8. HP: 46/54 MP: 8/8
  5347 | D:5      | Entered Level 5 of the Dungeon
  5773 | D:5      | Found Luceimi's Book Shop.
  5843 | D:5      | Identified the -1 cloak of Telaq {Int+5}
  6445 | D:6      | Reached XP level 9. HP: 42/62 MP: 6/9
  6452 | D:6      | Reached skill level 10 in Fighting
  6588 | D:6      | Noticed Sigmund
  6965 | D:6      | Killed Sigmund
  8104 | D:7      | Found a white marble altar of Elyvilon.
  8202 | D:7      | Noticed Dwachs's ghost (novice MiFi)
  8203 | D:7      | Noticed a cyclops
  8291 | D:7      | Reached skill level 5 in Shields
  8299 | D:7      | Reached skill level 1 in Evocations
  8352 | D:7      | Found a transporter.
  8437 | D:7      | Noticed Prince Ribbit
  8439 | D:7      | Killed Prince Ribbit
  8531 | D:7      | Found a transporter.
  8775 | D:7      | Found a staircase to the Ecumenical Temple.
  8973 | D:8      | Reached XP level 10. HP: 59/68 MP: 10/10
  9181 | D:8      | Found a staircase to the Lair.
  9228 | D:7      | Reached skill level 10 in Maces & Flails
  9601 | D:8      | Found a burning altar of Makhleb.
  9823 | D:8      | Found a shimmering blue altar of Sif Muna.
  9915 | D:8      | Reached skill level 5 in Evocations
 10254 | D:8      | Found a hazy altar of Hepliaklqana.
 10325 | D:8      | Noticed a two-headed ogre
 10332 | D:8      | Killed a two-headed ogre
 10610 | D:8      | Found a snail-covered altar of Cheibriados.
 11228 | D:9      | Reached XP level 11. HP: 56/72 MP: 8/11
 12169 | D:9      | Noticed Psyche
 12175 | D:9      | Killed Psyche
 12301 | D:9      | Noticed Harold
 12307 | D:9      | Noticed Erolcha
 12312 | D:9      | Killed Harold
 12363 | D:9      | Noticed a death knight
 12949 | Lair:1   | Entered Level 1 of the Lair of Beasts
 13220 | Lair:1   | Found a dark tunnel.
 13352 | Lair:1   | Reached skill level 5 in Armour
 14913 | Lair:2   | Found a hole to the Spider Nest.
 15613 | Lair:2   | Noticed a manticore
 15627 | Lair:2   | Killed a manticore
 15628 | Lair:2   | Reached XP level 12. HP: 61/77 MP: 9/12
 15992 | Lair:2   | Found a staircase to the Shoals.
 15996 | Lair:2   | Got the Grimoire of the Mountains
 18261 | Lair:3   | Noticed a five-headed hydra
 18370 | Lair:3   | Reached skill level 10 in Armour
 18370 | Lair:3   | Reached skill level 10 in Evocations
 18816 | Lair:3   | Noticed a death yak
 19671 | Lair:4   | Reached XP level 13. HP: 75/84 MP: 13/13
 19907 | Lair:4   | Found a one-way gate to the infinite horrors of the Abyss.
 19908 | Lair:4   | Found a corrupted altar of Lugonu.
 21677 | Lair:5   | Found a staircase to the Slime Pits.
 21693 | Lair:5   | Found a viscous altar of Jiyva.
 21958 | Lair:5   | Slain by a death yak simulacrum

Illustrated notes

Levels and vault maps discovered:
D:1:      scummos_arrival_simple_crosswalls, layout_basic, serial_glass,
          glass_columns_a, glass_columns_a, glass_columns_a, glass_columns_a,
          glass_columns_c, glass_columns_b, minmay_strange_pillars,
          item_on_display_a, shapermc_ecumenical_altar_mp_urbaneastern
D:2:      cheibrodos_pilgrimage, layout_rooms, basic_altar,
          kennysheep_generic_room_3, uniq_terence
D:3:      layout_loops_ring, uniq_grinder
D:4:      layout_basic, regret_index_temple_of_mockery,
          nicolae_vehumet_altar_sigil, cheibrodos_sewer_entry_bend
D:5:      layout_basic, serial_shops, shop_coins
D:6:      layout_cave_pools, nicolae_ossuary_entry_ruins, serial_gnoll_camp,
          gnoll_camp_mini_basic, gnoll_camp_mini_loothouse, gnoll_camp_mini_hut,
          gnoll_camp_medium_01, uniq_sigmund
D:7:      layout_loops_corners, mainiacjoe_overflow_cross_hatched,
          minmay_temple_entry_drinking_statues, nzn_ghost_randoct,
          uniq_prince_ribbit1
D:8:      layout_cave_pods, slow_altar_2, tgw_sif, david_lair_shrubbed,
          st_stairs_13, hangedman_feature_mirror
D:9:      layout_loops_corners, minmay_shattered_shrine, uniq_psyche,
          uniq_erolcha, uniq_harold
Lair:1:   layout_cave_pods, enter_volcano_2, infiniplex_staircase_pool_2
Lair:2:   beast_lair_carwin_large_2, layout_chaotic_city,
          minmay_shoals_entry_beasts, dummy_spider_entry
Lair:3:   nzn_winding_woodlands_medium [nzn_winding_woodlands_5x5_default,
          nzn_winding_woodlands_5x15_sidewinder,
          nzn_winding_woodlands_5x5_default, nzn_winding_woodlands_hourglass,
          nzn_winding_woodlands_center_pierced_h,
          nzn_winding_woodlands_5x5_open_star,
          nzn_winding_woodlands_5x5_closed_star,
          nzn_winding_woodlands_5x15_lazy_stream,
          nzn_winding_woodlands_5x5_checkerboard], layout_layer_cave,
          eino_house_with_fridge
Lair:4:   layout_layer_cave, amcnicky_altar_lugonu_corruption
Lair:5:   layout_regular_city, slime_altar_1,
          portal_ice_cave_entry_ice_simulacra

Skill      XL: |  1  2  3  4  5  6  7  8  9 10 11 12 13 |
---------------+----------------------------------------+-----
Fighting       | 4 6 7 9 10 11 12 | 12.0
Maces & Flails | 3 5 6 7 9 11 12 | 12.3
Shields        | 5 7 9 |  9.9
Evocations     | 3 6 8 10 | 10.0
Armour         | 8 10 | 10.0

Action                   |  1- 3 |  4- 6 |  7- 9 | 10-12 | 13-15 || total
-------------------------+-------+-------+-------+-------+-------++-------
Melee: Flail             |    74 |     8 |       |       |       ||    82
       Trident           |       |   152 |   111 |       |       ||   263
       Morningstar       |       |       |   261 |   768 |   191 ||  1220
Throw: Dart              |       |       |       |     3 |       ||     3
 Abil: Evoke Blink       |       |       |       |       |     2 ||     2
Evoke: Wand              |       |       |       |     3 |       ||     3
  Use: Potion            |     1 |       |     2 |     6 |       ||     9
       Scroll            |       |     4 |     1 |    17 |       ||    22
 Stab: Distracted        |       |       |     1 |     1 |     1 ||     3
Armor: Scale mail        |    57 |    72 |    37 |       |       ||   166
       Ring mail         |       |       |   205 |   336 |   112 ||   653
       Skin              |       |       |       |    37 |       ||    37
Dodge: Dodged            |    49 |    66 |   171 |   232 |    69 ||   587
Block: Buckler           |    23 |    23 |       |       |       ||    46
       Kite shield       |       |       |   221 |   390 |   132 ||   743

Table legend: (Time is in decaauts)
 A = Elapsed time spent in this place.
 B = Non-inter-level travel time spent in this place.
 C = Inter-level travel time spent in this place.
 D = Time resting spent in this place.
 E = Time spent auto-exploring this place.
 F = Levels seen in this place.
 G = Mean time per level.
                   A        B        C        D        E       F      G
               +--------+--------+--------+--------+--------+-----+--------+
         Total |  22305 |  21456 |    849 |   5152 |  12216 |  15 | 1487.0 |
       Dungeon |  12992 |  12440 |    552 |   2825 |   7188 |   9 | 1443.6 |
          Lair |   9085 |   8788 |    297 |   2327 |   4878 |   5 | 1817.0 |
         Sewer |    227 |    227 |      0 |      0 |    149 |   1 |  227.0 |
               +--------+--------+--------+--------+--------+-----+--------+

Top non-repeatable levels by time:
     D:8: 2642 daAuts
  Lair:1: 2557 daAuts
  Lair:3: 2422 daAuts
     D:1: 2184 daAuts
  Lair:4: 2043 daAuts
  Lair:2: 1744 daAuts
     D:5: 1479 daAuts
     D:6: 1383 daAuts
     D:4: 1266 daAuts
     D:7: 1144 daAuts
     D:9: 1032 daAuts
     D:3: 1019 daAuts
     D:2: 839 daAuts
  Lair:5: 318 daAuts
   Sewer: 227 daAuts
